 Dungeon Sprint DCSS version 0.23.0-3-gf3c87f2 (webtiles) character file.

Game seed: 12156751366575441479

136 nuthulu the Covered (level 5, -4/37 HPs)
             Began as a Gargoyle Fighter on Feb 24, 2019.
             Was an Initiate of Okawaru.
             Slain by a queen bee (6 damage)
             ... in the Dungeon (Sprint IV: "Fedhas' Mad Dash").
             The game lasted 00:01:27 (754 turns).

nuthulu the Covered (Gargoyle Fighter)               Turns: 754, Time: 00:01:27

Health: -4/37      AC: 11    Str: 21    XL:     5   Next: 19%
Magic:  5/5        EV:  8    Int:  8    God:    Okawaru [......]
Gold:   57         SH: 11    Dex:  9    Spells: 4/4 levels left

rFire    . . .     SeeInvis .   a - +0 flail
rCold    . . .     Gourm    .   c - +1 shield
rNeg     + . .     Faith    .   b - +0 scale mail
rPois    ∞         Spirit   .   (no helmet)
rElec    +         Reflect  .   (no cloak)
rCorr    .         Harm     .   (no gloves)
MR       .....     NoTele   +   (no boots)
Stlth    ..........             n - amulet of invisibility {+Inv}
HPRegen  0.12/turn              (no ring)
MPRegen  0.09/turn              (no ring)

@: berserk cooldown, slowed, very slow
A: negative energy resistance 1, electricity resistance, unbreathing,
petrification resistance, rot immunity, AC +4
a: Renounce Religion, Evoke Invisibility


You were in the Dungeon.
You worshipped Okawaru.
Okawaru was noncommittal.
You were not hungry.

You visited 1 branch You collected 57 gold pieces.

Inventory:

Hand Weapons
 a - a +0 flail (weapon)
Armour
 b - a +0 scale mail (worn)
 c - a +1 shield (worn)
Jewellery
 n - the amulet of invisibility (around neck) {+Inv}
   (You found it in the Dungeon)

   [amulet of nothing]

   It lets you turn invisible.
Scrolls
 k - a scroll of blinking
Potions
 e - a potion of curing
 g - a potion of heal wounds
 i - 2 potions of magic
Comestibles
 f - a ration


   Skills:
 + Level 6.3 Fighting
 + Level 5.2 Maces & Flails
 + Level 6.3 Armour
 + Level 6.3 Shields


You had 4 spell levels left.
You didn't know any spells.
Your spell library was empty.

Dungeon Overview and Level Annotations

Branches:
Dungeon (1/1)

Altars:
Cheibriados
Dithmenos
Elyvilon
Gozag
Hepliaklqana
Kikubaaqudgha
Makhleb
Nemelex Xobeh
Okawaru
Qazlal
Ru
Sif Muna
Trog
Uskayaw
Vehumet
Wu Jian
Xom
Yredelemnul
Zin
The Shining One
Beogh
Jiyva
Lugonu

Annotations:
D exclusion: oklob sapling


Innate Abilities, Weirdness & Mutations

You are resistant to torment.
Your stone body is resilient. (AC +4)
You are immune to poison.
You resist negative energy. (rN+)
You are resistant to electric shocks. (rElec)
You can survive without breathing.
You are immune to petrification.
You are immune to rotting.


Message History

You block the queen bee's attack. x2
Unknown command.
You hit the queen bee but do no damage.
The queen bee is lightly wounded.
The queen bee stings you but does no damage.
Your scale mail prevents you from hitting the queen bee.
The queen bee is lightly wounded.
The queen bee stings you but does no damage.
The queen bee stings you!
* * * LOW HITPOINT WARNING * * *
You thump the queen bee!
The queen bee is moderately wounded.
The queen bee stings you but does no damage.
The queen bee stings you!
* * * LOW HITPOINT WARNING * * *
You hit the queen bee but do no damage.
The queen bee is moderately wounded.
The queen bee stings you but does no damage.
The queen bee stings you.
You die...

#############################
#<..P#.....#yyy..#.⌠._._._._.
#PP..'.[...+y#...'.._._._._._
#PPPP#.....#@#y..#..._._._._.
###############y##.._._._._._
♣.....y..y...#._._._._._.
.....♣...y.#...############
.y. ♣..♣..###### + #+#####


You could see a queen bee and 2 killer bees.

Vanquished Creatures
  3 oklob saplings (D)
  A worker ant (D)
  A river rat (D)
  A rat (D)
6 creatures vanquished.

Notes
Turn   | Place    | Note
-------+----------+-------------------------------------------
     0 | D        | nuthulu the Gargoyle Fighter began the quest for the Orb.
     0 | D        | Reached XP level 1. HP: 14/14 MP: 1/1
    26 | D        | Reached XP level 2. HP: 1/20 MP: 2/2
   432 | D        | Noticed an oklob sapling
   435 | D        | Killed an oklob sapling
   435 | D        | Reached XP level 3. HP: 24/24 MP: 3/3
   439 | D        | Found the amulet of invisibility {+Inv}
   444 | D        | Reached skill level 5 in Fighting
   444 | D        | Reached skill level 5 in Armour
   444 | D        | Reached skill level 5 in Shields
   444 | D        | Reached XP level 4. HP: 31/31 MP: 4/4
   480 | D        | Found an opulent altar of Gozag.
   480 | D        | Found a hazy altar of Hepliaklqana.
   480 | D        | Found a burning altar of Makhleb.
   480 | D        | Found a roughly hewn altar of Beogh.
   480 | D        | Found a sparkling altar of Nemelex Xobeh.
   480 | D        | Found a snail-covered altar of Cheibriados.
   480 | D        | Found a sacrificial altar of Ru.
   480 | D        | Found a deep blue altar of Sif Muna.
   480 | D        | Found a shimmering altar of Xom.
   480 | D        | Found a basalt altar of Yredelemnul.
   481 | D        | Found a viscous altar of Jiyva.
   481 | D        | Found a bloodstained altar of Trog.
   481 | D        | Found an ornate altar of the Wu Jian Council.
   481 | D        | Noticed an oklob sapling priest
   482 | D        | Found an iron altar of Okawaru.
   482 | D        | Found a shadowy altar of Dithmenos.
   482 | D        | Found a glowing silver altar of Zin.
   483 | D        | Found an ancient bone altar of Kikubaaqudgha.
   483 | D        | Found a hide-covered altar of Uskayaw.
   484 | D        | Found a stormy altar of Qazlal.
   484 | D        | Found a white marble altar of Elyvilon.
   484 | D        | Found a glowing golden altar of the Shining One.
   485 | D        | Found a corrupted altar of Lugonu.
   485 | D        | Found a radiant altar of Vehumet.
   500 | D        | Killed an oklob sapling priest
   505 | D        | Became a worshipper of Warmaster Okawaru
   705 | D        | Reached skill level 5 in Maces & Flails
   705 | D        | Reached XP level 5. HP: 37/37 MP: 5/5
   718 | D        | Noticed a queen bee
   754 | D        | Slain by a queen bee

Skill      XL: |  1  2  3  4 |
---------------+-------------+-----
Fighting       | 4 5 6 |  6.3
Armour         | 4 5 6 |  6.3
Shields        | 4 5 6 |  6.3
Maces & Flails | 3 4 5 |  5.2

Action                   |  1- 3 |  4- 6 || total
-------------------------+-------+-------++-------
Melee: Flail             |    29 |    35 ||    64
 Abil: Evoke Invisibilit |       |     1 ||     1
  Use: Potion            |       |     4 ||     4
       Scroll            |       |     1 ||     1
 Stab: Invisible         |       |     2 ||     2
Armor: Scale mail        |    11 |    14 ||    25
Dodge: Dodged            |    11 |     6 ||    17
Block: Shield            |    20 |    19 ||    39
